cohdb
Replays
Latest Replays
All Replays
Popular Replays
Top Player Replays
Match Explorer
How It Works
Community
CoH3 Stats
Reddit
Sign in to upload your games and track your stats! →
Sign in with Steam
Match 46216926
Unlisted
Match 46216926
Overview
Messages
Build Orders
End
Kradschützen Motorcycle Team
Panzerpioneer Squad
250 Light Carrier
Construct Light Support Kompanie
Combat Half-tracks
Assault Grenadier Squad
Selects Panzerjäger Kommand Battlegroup
Selects GrB 39 Grenade Launcher Requisition
Selects Mine Fields
Construct Mechanized Kompanie
Vehicle Survival Package
Panzerjäger Mechanized Group
Support Armor Elements
StuG III D Assault Gun
Panzergrenadier Squad
Emergency Repair Kits
Veteran Squad Leaders
Assault Mechanized Group
mikec_81
Liftwaffles
0
0
Comments
sign in to comment!
No comments posted yet!